 Dungeon Crawl Stone Soup version 0.22-a0-567-gff9aefc (webtiles) character file.

1710 Amnesiac the Covert (level 8, -1/39 HPs)
             Began as a Spriggan Fighter on June 30, 2018.
             Was a Believer of Ru.
             Killed by divine providence
             ... invoked by an orc priest
              (10 damage)
             ... on level 7 of the Dungeon.
             The game lasted 00:12:18 (9848 turns).

Amnesiac the Covert (Spriggan Fighter)              Turns: 9848, Time: 00:12:19

Health: -1/39      AC:  3    Str: 17    XL:     8   Next: 74%
Magic:  9/9        EV: 23    Int: 10    God:    Ru [**....]
Gold:   299        SH:  6    Dex: 18    Spells: 7/7 levels left

rFire    . . .     SeeInvis +   b - +9 falchion of the Puffball {pain, +Rage Str+3 Dex+3}
rCold    . . .     Gourm    .   c - +0 buckler
rNeg     . . .     Faith    .   p - +0 robe
rPois    .         Spirit   .   (helmet restricted)
rElec    .         Reflect  .   m - +0 cloak
rCorr    .         Harm     .   (gloves unavailable)
MR       +....                  (boots unavailable)
Stlth    ++++......             (no amulet)
HPRegen  0.13/turn              (no ring)
MPRegen  0.11/turn              (no ring)

@: very quick
A: very small, unfitting armour, see invisible, herbivore, speed 3, slow
metabolism 2, hated by all, disrupted magic 1
a: Renounce Religion, Evoke Berserk Rage


You were on level 7 of the Dungeon.
You worshipped Ru.
Ru was pleased with you.
You were not hungry.

You visited 1 branch of the dungeon, and saw 7 of its levels.

You collected 299 gold pieces.

Inventory:

Hand Weapons
 a - a +0 dagger of speed
 b - the +9 falchion of the Puffball (weapon) {pain, +Rage Str+3 Dex+3}
   (You took it off an orc on level 5 of the Dungeon)

   In the hands of one skilled in necromantic magic, it inflicts extra damage on
   living creatures.
   It affects your strength (+3).
   It affects your dexterity (+3).
   It lets you go berserk.
 s - a +0 blowgun
Missiles
 i - 8 sling bullets
Armour
 c - a +0 buckler (worn)
 m - a +0 cloak (worn)
 p - a +0 robe (worn)
Jewellery
 y - a +2 ring of slaying {unknown}
Scrolls
 e - 6 scrolls of identify {!r}
 h - a scroll of teleportation {!r, unknown}
 k - 2 scrolls of amnesia {!r, unknown}
 n - 2 scrolls of enchant armour {!r, unknown}
 o - 4 scrolls of remove curse {!r, unknown}
 v - a scroll of fear {!r, unknown}
 w - a scroll of fog {!r, unknown}
 x - a scroll of magic mapping {!r, unknown}
Potions
 d - 2 potions of might {!q}
 g - 4 potions of berserk rage {!q, unknown}
 j - a potion of mutation {!q, unknown}
 l - a potion of brilliance {!q, unknown}
 q - a potion of curing {!q}
 r - a potion of haste {!q, unknown}
 t - a potion of degeneration {!q, unknown}
 u - 2 potions of flight {!q}
Comestibles
 f - 11 rations


   Skills:
 - Level 2.4 Fighting
 * Level 9.1 Short Blades
 - Level 8.0 Dodging
 + Level 9.2 Stealth
 - Level 2.4 Shields


You had 7 spell levels left.
You didn't know any spells.
Your spell library contained the following spells:

 Spells                   Type           Power        Failure   Level  Hunger
 Cause Fear               Hex            #.........   99%         4    #####..
 Slow                     Hex            #.......     71%         2    ###....
 Corona                   Hex            #......      56%         1    ##.....
 Portal Projectile        Hex/Tloc       #.....       89%         3    ####...
 Leda's Liquefaction      Hex/Erth       #.........   99%         4    #####..
 Inner Flame              Hex/Fire       #.......     89%         3    ####...


Dungeon Overview and Level Annotations

Branches:
Dungeon (7/15)             Temple (0/1) D:6

Altars:
Ashenzari
Cheibriados
Fedhas
Gozag
Hepliaklqana
Nemelex Xobeh
Okawaru
Qazlal
Ru
Sif Muna
Yredelemnul
Zin


Innate Abilities, Weirdness & Mutations

You are very small and have problems with some larger weapons.
You are too small for most types of armour.
You have supernaturally acute eyesight. (SInv)
You are a herbivore.
You cover ground extremely quickly.
You need to consume almost no food.
You are hated by all.
Your casting is slightly disrupted.


Message History

You slash the centaur!
The centaur is moderately wounded.
The centaur unwields an uncursed shortbow.
The centaur hits you. The centaur misses you.
You hit the centaur.
The centaur is heavily wounded.
The centaur closely misses you.
You riposte.
You hit the centaur but do no damage.
The centaur is heavily wounded.
The centaur completely misses you.
You slash the centaur!
You kill the centaur!
You now have 299 gold pieces (gained 14).
Things that are here:
an uncursed shortbow; 8 arrows; a centaur corpse You start resting.
HP restored.
You start resting.
Found a robe.
Key pressed, stopping explore.
HP restored.
The quokka is too close now for your liking.
The quokka misses you.
You slash the quokka!
You kill the quokka!
An orc and an orc priest come into view.
The orc priest shouts!
You hear a shout!
A centaur comes into view. It is wielding a rapier.
You hear a shout!
You hear an angry growl.
You hear a shout!
A black bear, an orc and an orc priest come into view.
The orc priest is wielding a falchion of protection.
Found a stone staircase leading up.
The orc shouts!
The centaur shouts!
The orc priest shouts!
The centaur unwields an uncursed rapier.
The centaur wields a shortbow.
The centaur shoots an arrow.
The arrow misses you.
The orc priest begins to cast a cantrip, but forgets the words!
You see here an arrow.
You slash the orc priest!
The orc priest is severely wounded.
The centaur shoots an arrow.
The arrow hits you! The orc priest barely misses you.
You closely miss the orc priest.
The orc priest is severely wounded.
The centaur is stunned by your will and fails to attack.
You block the orc's attack. The orc priest hits you with a war axe!
You closely miss the orc priest.
The orc priest is severely wounded.
You redirect the centaur's attack!
The centaur shoots an arrow.
The arrow hits the centaur!
The orc completely misses you.
The orc priest invokes the aid of Beogh against you.
Beogh smites you!
* * * LOW HITPOINT WARNING * * *
You hit the orc priest but do no damage.
The orc priest is severely wounded.
The orc completely misses you.
The orc priest begins to pray, but is stunned by your will!
You barely miss the orc priest.
The orc priest is severely wounded.
The orc priest mumbles some strange prayers to Beogh against you.
Beogh smites you!
You die...

#.# ##.......# #.#
##......h.## #.#
........o. #.#
....oc.# #.# ....o#
#.# #o..# #.# #c.#
#.# #o### #.#####
#o@.##.##
#.....####..........
#####...........####
#.............####
#.#########...#
#...# ......
###.#### .#


You could see a centaur, an orc priest and 2 orcs.

Vanquished Creatures
  Grinder (D:6)
  A hornet zombie (D:7)
  An ice beast (D:5)
  A sky beast (D:4)
  3 ogres
  A phantom (D:3)
  2 centaurs (D:7)
  A bullfrog (D:6)
  A wyvern zombie (D:6)
  3 howler monkeys
  A bullfrog zombie (D:7)
  An orc priest (D:7)
  3 orc wizards
  Natasha (thrice) (D:4)
  A bullfrog skeleton (D:4)
  3 worker ants
  A howler monkey skeleton (D:6)
  6 adders
  2 oozes
  An adder zombie (D:5)
  An adder skeleton (D:7)
  2 worms
  6 dart slugs
  5 leopard geckos
  18 orcs
  3 giant cockroaches
  9 goblins
  14 hobgoblins
  6 jackals
  8 kobolds
  4 quokkas
  3 bats
  8 frilled lizards
  A quokka zombie (D:6)
  3 rats (D:1)
128 creatures vanquished.

Notes
Turn   | Place    | Note
-------+----------+-------------------------------------------
     0 | D:1      | Amnesiac the Spriggan Fighter began the quest for the Orb.
     0 | D:1      | Reached XP level 1. HP: 11/11 MP: 2/2
    19 | D:1      | Reached skill level 1 in Stealth
    65 | D:2      | Reached XP level 2. HP: 16/16 MP: 3/3
  1078 | D:3      | Found a glowing silver altar of Zin.
  1214 | D:4      | Reached XP level 3. HP: 19/19 MP: 4/4
  1245 | D:4      | Found an iron altar of Okawaru.
  1245 | D:4      | Found a sacrificial altar of Ru.
  1338 | D:4      | Became a worshipper of Ru the Awakened
  1449 | D:2      | Found a hazy altar of Hepliaklqana.
  1837 | D:1      | Reached XP level 4. HP: 17/23 MP: 5/5
  2206 | D:2      | Found a basalt altar of Yredelemnul.
  2210 | D:2      | Found a sparkling altar of Nemelex Xobeh.
  2211 | D:2      | Found an opulent altar of Gozag.
  2211 | D:2      | Found a blossoming altar of Fedhas.
  2304 | D:2      | Gained mutation: Your casting is slightly disrupted. [Ru sacrifice]
  2418 | D:2      | Found a shattered altar of Ashenzari.
  2455 | D:2      | Found a snail-covered altar of Cheibriados.
  2915 | D:3      | Reached skill level 5 in Dodging
  3151 | D:3      | Noticed an orc warrior
  3284 | D:4      | Reached XP level 5. HP: 27/27 MP: 6/6
  3308 | D:4      | Noticed a phantom
  3961 | D:4      | Noticed Natasha
  3968 | D:4      | Killed Natasha
  4146 | D:4      | Noticed Natasha
  4152 | D:5      | Entered Level 5 of the Dungeon
  4154 | D:5      | Found a stormy altar of Qazlal.
  4590 | D:6      | Reached skill level 5 in Short Blades
  4590 | D:6      | Reached XP level 6. HP: 19/32 MP: 7/7
  4770 | D:6      | Noticed Grinder
  4870 | D:6      | Reached skill level 5 in Stealth
  5282 | D:5      | Noticed a sky beast
  5402 | D:4      | Killed a sky beast
  6180 | D:3      | Reached XP level 7. HP: 11/35 MP: 8/8
  6395 | D:3      | Gained mutation: You are hated by all. [Ru sacrifice]
  6395 | D:3      | Reached * piety under Ru
  6395 | D:3      | Reached ** piety under Ru
  6525 | D:4      | Killed Natasha
  7057 | D:4      | Noticed Natasha
  7080 | D:4      | Killed Natasha
  7472 | D:4      | Found an iron altar of Okawaru.
  7472 | D:4      | Found a sacrificial altar of Ru.
  7836 | D:5      | Got a transparent falchion {pain}
  7839 | D:5      | Identified the +9 falchion of the Puffball {pain, +Rage Str+3 Dex+3} (You took it off an orc on level 5 of the Dungeon)
  8389 | D:6      | Found a deep blue altar of Sif Muna.
  8954 | D:6      | Found a staircase to the Ecumenical Temple.
  9032 | D:6      | Killed Grinder
  9032 | D:6      | Reached XP level 8. HP: 38/39 MP: 9/9
  9848 | D:7      | Killed from afar by an orc priest

Vault maps used:
D:1:      minmay_arrival_diagonal_passages
D:2:      overflow_temple_1_default, lemuel_doored_altar,
          grunt_temple_overflow_open, kennysheep_slug_shrine
D:3:      lemuel_upstairs_altar, hangedman_glass_teeth
D:4:      gammafunk_temple_overflow_elements, uniq_natasha
D:5:      lemuel_crystal_altar, first_ration, minmay_misc_feat_square,
          minmay_door_square, hangedman_decor_push, grunt_ministairs_12,
          minmay_misc_feat_secret_circle
D:6:      lemuel_blue_sif_altar, temple_doors_cd, uniq_grinder

Skill      XL: |  1  2  3  4  5  6  7  8 |
---------------+-------------------------+-----
Stealth        | 2 3 4 5 7 9 |  9.2
Short Blades   | 3 4 5 6 7 9 |  9.1
Dodging        | 5 6 7 8 |  8.0
Fighting       | |  2.4
Shields        | |  2.4

Action                   |  1- 3 |  4- 6 |  7- 9 || total
-------------------------+-------+-------+-------++-------
Melee: Rapier            |   143 |    74 |       ||   217
       Dagger            |       |   407 |   148 ||   555
       Falchion          |       |       |    79 ||    79
Invok: Sacrifice Essence |       |     1 |       ||     1
       Sacrifice Love    |       |       |     1 ||     1
  Use: Scroll            |       |       |     1 ||     1
 Stab: Sleeping          |     7 |     6 |     3 ||    16
       Distracted        |       |     1 |     5 ||     6
       Invisible         |       |       |     2 ||     2
  Eat: Ration            |       |     4 |       ||     4
Armor: Robe              |     6 |    15 |     7 ||    28
Dodge: Dodged            |    70 |   147 |    92 ||   309
Block: Buckler           |    44 |    65 |    34 ||   143
       Rpst.: Falchion   |       |       |    15 ||    15

Table legend:
 A = Spawn XP
 B = Non-spawn XP
 C = Spawn XP percentage of total XP
 D = Spawn monster count
 E = Non-spawn monster count
 F = Spawn count percentage of total count
 G = Total turns spent on level
                    A         B        C        D         E        F      G
               +---------+---------+-------+---------+---------+-------+---------
         Total |       0 |    2443 |   0.0 |       0 |     128 |   0.0 |  9848
               +---------+---------+-------+---------+---------+-------+---------
           D:1 |       0 |      57 |   0.0 |       0 |      30 |   0.0 |   985
           D:2 |       0 |      73 |   0.0 |       0 |      21 |   0.0 |   843
           D:3 |       0 |     212 |   0.0 |       0 |      19 |   0.0 |  1783
           D:4 |       0 |     278 |   0.0 |       0 |      11 |   0.0 |  2742
           D:5 |       0 |     358 |   0.0 |       0 |      15 |   0.0 |  1431
           D:6 |       0 |     772 |   0.0 |       0 |      18 |   0.0 |  1545
           D:7 |       0 |     693 |   0.0 |       0 |      14 |   0.0 |   519
               +---------+---------+-------+---------+---------+-------+---------
